 Dungeon Crawl Stone Soup version 0.30-a0-578-gdee14c521f (webtiles) character file.

Game seed: 736365692655847813

15191 wormed the Severer (level 12, 0/110 HPs)
             Began as a Hill Orc Monk on Dec 31, 2022.
             Was a High Priest of Okawaru.
             Slain by a minotaur
             ... wielding the +8 mace of Hazeof {elec, rCorr Int+2}
              (20 damage)
             ... in a Gauntlet.
             The game lasted 00:22:55 (11853 turns).

wormed the Severer (Hill Orc Monk)                 Turns: 11853, Time: 00:22:56

Health: 0/110      AC: 16    Str: 22    XL:     12   Next: 24%
Magic:  12/12      EV:  7    Int: 10    God:    Okawaru [*****.]
Gold:   513        SH: 16    Dex: 17    Spells: 11/11 levels left

rFire   . . .      SeeInvis +    N - +12 spear of Duty {venom, *Rage Fragile Dex+4 SInv}
rCold   + . .      Faith    +    Q - +5 kite shield of Anaesthesia {rN+ Str+3}
rNeg    + . .      Spirit   .    e - +0 plate armour
rPois   +          Reflect  .    (no helmet)
rElec   .          Harm     .    E - +0 cloak {rPois}
rCorr   .          Rampage  .    C - +0 pair of gloves
Will    .....      Rage     20%  (no boots) Stlth NoTele +
                                 M - amulet of faith
HPRegen 0.38/turn                d - ring of protection from cold
MPRegen 0.13/turn                p - ring of poison resistance

@: no status effects
A: no striking features
a: Renounce Religion, Heroism, Finesse, Duel


You were in a Gauntlet.
You worshipped Okawaru.
Okawaru was extremely pleased with you.
You visited 2 branches of the dungeon, and saw 13 of its levels.
You also visited: Sewer and Gauntlet.

You collected 638 gold pieces.
You spent 125 gold pieces at shops.

Inventory:

Hand Weapons
 c - the +11 mace of Immorality {flame, Int+4}
   (You found it on level 5 of the Dungeon)

   It burns those it strikes, dealing additional fire damage.
   Int:       It affects your intelligence (+4).
 N - the +12 spear of Duty (weapon) {venom, *Rage Fragile Dex+4 SInv}
   (You found it on level 9 of the Dungeon)

   It poisons the flesh of those it strikes.
   Dex:       It affects your dexterity (+4).
   SInv:      It lets you see invisible.
   *Rage:     It berserks you when you make melee attacks (+20% chance).
   Fragile:   It will be destroyed if unequipped.
Missiles
 k - 40 poisoned darts (quivered)
 u - 5 javelins
 J - a curare-tipped dart
 L - a throwing net
Armour
 e - a +0 plate armour (worn)
 C - a +0 pair of gloves (worn)
 E - a +0 cloak of poison resistance (worn)
 Q - the +5 kite shield of Anaesthesia (worn) {rN+ Str+3}
   (Okawaru gifted it to you on level 1 of the Lair of Beasts)

   Str:       It affects your strength (+3).
   rN:        It protects you from negative energy.
 V - the +2 helmet "Soriwn" {Harm Stlth+}
   (You found it in a Gauntlet)

   Harm:      It increases damage dealt and taken.
   Stlth:     It makes you more stealthy.
Jewellery
 d - a ring of protection from cold (left hand)
 f - a ring of fire
 p - a ring of poison resistance (right hand)
 t - an amulet of regeneration
 M - an amulet of faith (around neck)
 S - the ring of Feima {Wiz rC+}
   (You found it in a Gauntlet)

   [ring of wizardry]

   It improves your spell success rate.
   rC:        It protects you from cold.
 U - the amulet "Pawno" {rN+ Will+ Regen+ Str-4}
   (You found it in a Gauntlet)

   [amulet of regeneration]

   Str:       It affects your strength (-4).
   rN:        It protects you from negative energy.
   Regen:     It increases your rate of health regeneration.
   Will:      It increases your willpower.
Wands
 s - a wand of mindburst (19)
 w - a wand of charming (14)
 F - a wand of light (5)
Scrolls
 a - a scroll of fog
 b - 2 scrolls of vulnerability
 j - 6 scrolls of teleportation
 m - a scroll of immolation
 n - 2 scrolls of amnesia
 o - 3 scrolls of noise {unknown}
 q - 2 scrolls of poison
 x - 2 scrolls of enchant armour {unknown}
 y - a scroll of silence
 A - 2 scrolls of torment
 B - 2 scrolls of enchant weapon {unknown}
 D - 2 scrolls of brand weapon
 G - 4 scrolls of blinking {unknown}
 P - a scroll of summoning
Potions
 g - 2 potions of brilliance
 h - 9 potions of curing
 i - 6 potions of heal wounds
 l - 2 potions of mutation
 r - 2 potions of cancellation
 v - 3 potions of degeneration
 z - a potion of berserk rage
 H - a potion of attraction
 I - 4 potions of haste {unknown}
 K - a potion of flight {unknown}
 O - a potion of lignification {unknown}
 T - a potion of might {unknown}


   Skills:
 + Level 11.0 Fighting
 * Level 16.0 Axes
 + Level 8.9 Armour
 - Level 4.0 Dodging
 - Level 4.0 Stealth
 + Level 8.8 Shields


You had 11 spell levels left.
You didn't know any spells.
Your spell library contained the following spells:

 Spells                   Type           Power      Damage    Failure   Level
 Ensorcelled Hibernation  Hex/Ice        0%         N/A       100%        2
 Passwall                 Tmut/Erth      0%         N/A       100%        2
 Swiftness                Air            0%         N/A       100%        3
 Petrify                  Tmut/Erth      0%         N/A       100%        4
 Metabolic Englaciation   Hex/Ice        0%         N/A       100%        5
 Statue Form              Tmut/Erth      0%         N/A       100%        6


Dungeon Overview and Level Annotations

Branches:
Dungeon (11/15)            Temple (0/1) D:4            Lair (2/5) D:8
  Snake (0/4) Lair:2          Orc (0/2) D:9           Sewer (visited)
Gauntlet (1/1)
  Swamp: Lair:2-3    Shoals: Lair:2-3

Altars:
Ashenzari
Cheibriados
Dithmenos
Elyvilon
Fedhas
Kikubaaqudgha
Makhleb
Okawaru
Qazlal
Ru
Sif Muna
Vehumet
Wu Jian
Xom
Yredelemnul

Shops:
D:4 *   D:8 *   D:9 *

Annotations:
D:2 Grinder
D:6 1 runed translucent door Gauntlet 8 transporters, 2 runed translucent doors, exclusion: orange crystal statue


Message History

You see here a +3 scale mail of cold resistance.
You see here the +2 helmet "Soriwn" {Harm Stlth+}.
T - a red potion The death yak bellows!
You hear a bellow! x2
The death yak bellows!
U - the amulet "Pawno" {rN+ Will+ Regen+ Str-4}
There is a transporter here.
You see here the +2 helmet "Soriwn" {Harm Stlth+}.
V - the +2 helmet "Soriwn" {Harm Stlth+} You feel yourself speed up.
There is a transporter landing site here.
You see here a +3 scale mail of cold resistance.
As you read the scroll of identify, it crumbles to dust.
P - a scroll of summoning
There is a transporter landing site here.
You see here a +3 scale mail of cold resistance.
You recover from your berserk rage.
There is a transporter here.
You enter the transporter and appear at another place.
A minotaur comes into view.
It is wielding the +8 mace of Hazeof {elec, rCorr Int+2} and quivering silver javelins.
Found a wand of charming (5).
Found a gate leading back out of this place.
The minotaur bellows!
The minotaur throws a silver javelin.
The silver javelin pierces through you!
The minotaur throws a silver javelin.
The silver javelin pierces through you!!
You block the minotaur's attack.
The minotaur gores you but does no damage.
You puncture the minotaur!
The minotaur is poisoned.
The minotaur is lightly wounded.
The minotaur hits you with the +8 mace of Hazeof {elec, rCorr Int+2}!!
You block the minotaur's attack.
You puncture the minotaur!
The minotaur is moderately wounded.
You hit the minotaur.
The minotaur is moderately wounded.
The minotaur hits you with the +8 mace of Hazeof {elec, rCorr Int+2}!
* * * LOW HITPOINT WARNING * * *
You are electrocuted!!
You die...

...8.####.#......#
.....≈##..#.######
##...##...#.#
##...#....#.#.
##...#.8©.#.#.#####
##...#....#.#.#⌠.⌠#
©#.8.#.8©...#.#.∩.#
##...#....#.#.#⌠.H#
##...#.8©.#.#.##@#
##.§.#....#.#.##.#
##...##...#.#....#
...§.≈##..#.#.####..
...8.####.#........#
......##############
###...≈# ..#...##
..#...≈#


You could see a minotaur (very poisoned).

Vanquished Creatures
  A hell beast (Gauntlet)
  A two-headed ogre (D:10)
  2 wizards (Gauntlet)
  Pikel (D:6)
  A necromancer (D:10)
  2 cane toads
  A komodo dragon (D:8)
  A kobold demonologist (D:10)
  A rime drake (Lair:2)
  A troll (D:9)
  7 blink frogs
  2 hornets
  A shadow (D:9)
  A vampire (D:10)
  14 yaks
  2 basilisks
  5 wyverns
  4 steam dragons
  4 water moccasins
  2 hell hounds (Gauntlet)
  2 sky beasts
  A black bear (Lair:1)
  A swamp drake (D:8)
  An ice beast (D:6)
  3 orc warriors
  An ogre (D:4)
  2 centaurs
  A lemure (D:6)
  3 kobold brigands
  4 bullfrogs
  2 scorpions
  7 wights
  22 killer bees
  2 howler monkeys (D:10)
  4 crimson imps (D:8)
  2 hounds
  5 orc priests
  3 gnoll boudas
  3 jellies
  Crazy Yiuf (D:7)
  3 iguanas
  4 orc wizards
  4 polar bear simulacra (D:10)
  4 wolf simulacra (D:10)
  2 yak simulacra (D:10)
  18 adders
  16 gnolls
  5 river rats
  4 shadow imps (Gauntlet)
  4 white imps
  An ufetubus (D:6)
  3 worms
  2 dart slugs
  22 orcs
  9 bats
  7 endoplasms
  3 giant cockroaches
  9 goblins
  5 hobgoblins
  5 jackals
  4 quokkas
  11 ball pythons
  4 frilled lizards
  11 kobolds
  13 rats
  A river rat simulacrum (D:10)
298 creatures vanquished.

Vanquished Creatures (others)
  A giant cockroach (D:3)
  A frilled lizard (D:3)
  A fungus (Lair:2)
  23 plants
26 creatures vanquished.

Grand Total: 324 creatures vanquished

Notes
Turn   | Place    | Note
-------+----------+-------------------------------------------
     0 | D:1      | wormed the Hill Orc Monk began the quest for the Orb.
     0 | D:1      | Reached XP level 1. HP: 19/19 MP: 1/1
   106 | D:1      | Reached XP level 2. HP: 18/27 MP: 2/2
   600 | D:1      | Reached XP level 3. HP: 33/33 MP: 3/3
  1099 | D:2      | Noticed a scorpion
  1108 | D:2      | Killed a scorpion
  1109 | D:2      | Reached skill level 5 in Axes
  1109 | D:2      | Reached XP level 4. HP: 36/40 MP: 4/4
  1612 | D:2      | Found a faded altar of an unknown god.
  1774 | D:3      | Reached XP level 5. HP: 47/47 MP: 5/5
  1836 | D:3      | Found a glowing drain.
  1906 | Sewer    | Entered a sewer
  1969 | Sewer    | Noticed a kobold brigand
  2024 | Sewer    | Killed a kobold brigand
  2025 | Sewer    | Reached skill level 6 in Axes
  2025 | Sewer    | Reached XP level 6. HP: 45/53 MP: 6/6
  3009 | D:3      | Noticed Grinder
  3018 | D:3      | Paralysed by Grinder for 3 turns
  3171 | D:3      | Reached skill level 5 in Fighting
  3464 | D:2      | Paralysed by Grinder for 4 turns
  3768 | D:3      | Found a shimmering blue altar of Sif Muna.
  4045 | D:4      | Reached skill level 7 in Axes
  4045 | D:4      | Reached XP level 7. HP: 58/61 MP: 7/7
  4057 | D:4      | Found Citrodwemm's Assorted Antiques.
  4062 | D:4      | Bought a scroll labelled ETUISK DOYKY for 25 gold pieces
  4062 | D:4      | Bought a scroll labelled WAEWNI TISIALY for 25 gold pieces
  4062 | D:4      | Bought a scroll labelled WAEWNI TISIALY for 25 gold pieces
  4062 | D:4      | Bought a scroll labelled FOIBLU HAHEGI for 25 gold pieces
  4062 | D:4      | Bought a scroll labelled WAEWNI TISIALY for 25 gold pieces
  4142 | D:4      | Found a sacrificial altar of Ru.
  4175 | D:4      | Found a staircase to the Ecumenical Temple.
  4192 | D:4      | Found a radiant altar of Vehumet.
  4536 | D:5      | Entered Level 5 of the Dungeon
  4763 | D:5      | Identified the +11 mace of Immorality {flame, Int+4}
  4766 | D:5      | Found a broken altar of Ashenzari.
  4849 | D:5      | Found a shadowy altar of Dithmenos.
  4895 | D:5      | Found a white marble altar of Elyvilon.
  4963 | D:5      | Reached skill level 8 in Axes
  5399 | D:6      | Noticed Pikel
  5447 | D:6      | Reached XP level 8. HP: 60/70 MP: 8/8
  5470 | D:6      | Found an ancient bone altar of Kikubaaqudgha.
  5546 | D:6      | Found a blossoming altar of Fedhas.
  5656 | D:6      | Killed Pikel
  5657 | D:6      | Reached skill level 9 in Axes
  5955 | D:6      | Found a runed translucent door.
  5962 | D:6      | Found a basalt altar of Yredelemnul.
  6119 | D:6      | Reached skill level 1 in Shields
  6302 | D:7      | Found a burning altar of Makhleb.
  6517 | D:7      | Reached skill level 10 in Axes
  6517 | D:7      | Reached XP level 9. HP: 72/79 MP: 9/9
  6836 | D:7      | Found a runed translucent door.
  6837 | D:7      | Noticed Crazy Yiuf
  6983 | D:7      | Killed Crazy Yiuf
  7122 | D:8      | Found a shimmering altar of Xom.
  7165 | D:8      | Reached skill level 11 in Axes
  7171 | D:8      | Reached skill level 5 in Armour
  7316 | D:8      | Found an iron altar of Okawaru.
  7324 | D:8      | Became a worshipper of Warmaster Okawaru
  7324 | D:8      | Reached * piety under Okawaru
  7324 | D:8      | Reached ** piety under Okawaru
  7430 | D:8      | Reached skill level 5 in Shields
  7460 | D:8      | Found Yciamoulapt's General Store.
  7491 | D:8      | Reached XP level 10. HP: 67/88 MP: 10/10
  7700 | D:8      | Reached skill level 12 in Axes
  7880 | D:8      | Found a staircase to the Lair.
  7955 | D:8      | Reached *** piety under Okawaru
  8173 | D:9      | Reached skill level 13 in Axes
  8319 | D:9      | Reached **** piety under Okawaru
  8549 | D:9      | Found a snail-covered altar of Cheibriados.
  8591 | D:9      | Reached XP level 11. HP: 79/97 MP: 11/11
  8618 | D:9      | Found Kunown's Changing Room.
  8728 | D:9      | Identified the +12 spear of Duty {venom, *Rage Fragile
                  | Dex+4 SInv}
  8857 | D:9      | Found a staircase to the Orcish Mines.
  8876 | D:9      | Paralysed by a hornet for 2 turns
  9085 | D:10     | Entered Level 10 of the Dungeon
  9093 | D:10     | Noticed a sun demon
  9145 | D:10     | Found an ornate altar of the Wu Jian Council.
  9177 | D:10     | Reached skill level 14 in Axes
  9356 | D:10     | Found a stormy altar of Qazlal.
  9394 | D:10     | Noticed a two-headed ogre
  9399 | D:10     | Killed a two-headed ogre
  9399 | D:10     | Reached ***** piety under Okawaru
  9625 | D:10     | Noticed a necromancer
  9636 | D:10     | Killed a necromancer
  9688 | D:10     | Reached skill level 10 in Fighting
 10092 | Lair:1   | Entered Level 1 of the Lair of Beasts
 10105 | Lair:1   | Identified the +5 kite shield of Anaesthesia {rN+ Str+3}
                  | (Okawaru gifted it to you on level 1 of the Lair of Beasts)
 10105 | Lair:1   | Received a gift from Okawaru
 10461 | Lair:1   | Reached skill level 15 in Axes
 11277 | Lair:2   | Reached XP level 12. HP: 108/108 MP: 12/12
 11307 | Lair:2   | Found a gate leading to a gauntlet.
 11315 | Lair:2   | Found a staircase to the Snake Pit.
 11317 | Gauntlet | Entered a Gauntlet
 11317 | Gauntlet | Found a transporter.
 11326 | Gauntlet | Found a transporter.
 11338 | Gauntlet | Found a transporter.
 11342 | Gauntlet | Found a transporter.
 11347 | Gauntlet | Noticed a great orb of eyes
 11352 | Gauntlet | Found a transporter.
 11372 | Gauntlet | Found a transporter.
 11373 | Gauntlet | Found a runed translucent door.
 11385 | Gauntlet | Found a transporter.
 11405 | Gauntlet | Found a transporter.
 11409 | Gauntlet | Found a transporter.
 11410 | Gauntlet | Noticed a hell beast
 11417 | Gauntlet | Found a transporter.
 11441 | Gauntlet | Noticed a catoblepas
 11443 | Gauntlet | Noticed a death yak
 11444 | Gauntlet | Noticed a death yak
 11445 | Gauntlet | Noticed a death yak
 11445 | Gauntlet | Noticed a death yak
 11447 | Gauntlet | Found a transporter.
 11447 | Gauntlet | Found a transporter.
 11447 | Gauntlet | Noticed a death yak
 11448 | Gauntlet | Found a runed translucent door.
 11448 | Gauntlet | Noticed a death yak
 11648 | Gauntlet | Killed a hell beast
 11669 | Gauntlet | Identified the ring of Feima {Wiz rC+}
 11774 | Gauntlet | Received a gift from Okawaru
 11775 | Gauntlet | Reached skill level 16 in Axes
 11788 | Gauntlet | Identified the +2 helmet "Soriwn" {Harm Stlth+}
 11795 | Gauntlet | Identified the amulet "Pawno" {rN+ Will+ Regen+ Str-4}
 11848 | Gauntlet | Identified the +8 mace of Hazeof {elec, rCorr Int+2}
 11848 | Gauntlet | Noticed a minotaur
 11853 | Gauntlet | Slain by a minotaur

Illustrated notes

Levels and vault maps discovered:
D:1:      dpeg_arrival_lava_temple_mockup, layout_basic
D:2:      layout_basic, hellmonk_ecumenical_altar_leap_of_faith
D:3:      layout_rooms, old_standard_altar, gup_sewer_entry_bubbles,
          minmay_checkerbox, uniq_grinder
D:4:      layout_cave_pools, nicolae_vehumet_altar_sigil,
          nicolae_ru_sacrificial_ziggurat, minmay_temple_entry_proselytizer,
          serial_shops, kennysheep_little_box, corexii_corridor_pit,
          grunt_ministairs_1, serial_bayou_pond_c
D:5:      layout_loops_ring, mainiacjoe_overflow_concentric_impassable,
          ashenzari_conservatory_becter, mainiacjoe_overflow_boulevard
D:6:      layout_gridville, amcnicky_altar_gilded, dk_yredelemnul_ordeal,
          mainiacjoe_overflow_cross_hatched, uniq_pikel
D:7:      layout_cave_pools, old_standard_altar, minmay_misc_feat_more_columns,
          minmay_misc_feat_secret_circle, uniq_crazy_yiuf_cottage
D:8:      layout_rooms, kennysheep_okawaru_gauntlet, led_xom_imps,
          erik_lair_dragon, serial_shops, nicolae_shop_statue_plus
D:9:      layout_grid_maze, kennysheep_mini, orc_0_dummy, enter_bailey_2,
          nicolae_transmutations_shop
D:10:     layout_long_grid, nicolae_overflow_hidden_temple,
          nicolae_wu_jian_glorious_leap, eino_house_with_fridge
D:11:     layout_layer_cave, maelrawn_ghost_gauntlet_escape, special_room
          [special_room_bee], uniq_psyche, uniq_nergalle
Lair:1:   layout_cave_pods, grunt_megastairs_4
Lair:2:   layout_cave_pods, shoals_dummy_entry, guppyfry_snake_entry_island,
          gauntlet_entry_generic, gammafunk_ghost_icy, uniq_amaemon
Gauntlet: minmay_gauntlet_mixed_oops_all_seconds
          [minmay_gauntlet_arena_77_p_blocks, nicolae_gauntlet_arena_blocks,
          minmay_gauntlet_arena_77_hold_the_fort, nicolae_gauntlet_swirl,
          minmay_gauntlet_arena_77_cramped, nicolae_gauntlet_arena_x,
          dreamdust_gauntlet_exit_labyrinth]

Skill      XL: |  1  2  3  4  5  6  7  8  9 10 11 12 |
---------------+-------------------------------------+-----
Fighting       | 4 5 7 8 9 10 11 | 11.0
Stealth        | 2 3 4 |  4.0
Axes           | 5 6 7 8 10 11 13 15 16 | 16.0
Dodging        | 3 4 |  4.0
Armour         | 4 5 7 8 |  8.9
Shields        | 2 5 6 8 |  8.8

Action                   |  1- 3 |  4- 6 |  7- 9 | 10-12 || total
-------------------------+-------+-------+-------+-------++-------
Melee: Hand axe          |    83 |   379 |    77 |       ||   539
       Punch             |     2 |     4 |     4 |     1 ||    11
       Mace              |       |       |   241 |   175 ||   416
       Spear             |       |       |       |   235 ||   235
Throw: Dart              |     3 |     3 |       |       ||     6
Evoke: Wand              |       |       |     5 |       ||     5
  Use: Potion            |       |     2 |     1 |     1 ||     4
       Scroll            |       |     3 |    14 |     5 ||    22
 Stab: Sleeping          |     2 |       |       |       ||     2
       Confused          |       |       |       |     2 ||     2
Armor: Robe              |     2 |       |       |       ||     2
       Plate armour      |    40 |   312 |   289 |   203 ||   844
Dodge: Dodged            |    29 |   129 |   101 |   134 ||   393
Block: Kite shield       |       |       |       |    65 ||    65

Table legend: (Time is in decaauts)
 A = Elapsed time spent in this place.
 B = Non-inter-level travel time spent in this place.
 C = Inter-level travel time spent in this place.
 D = Time resting spent in this place.
 E = Time spent auto-exploring this place.
 F = Levels seen in this place.
 G = Mean time per level.
                   A        B        C        D        E       F      G
               +--------+--------+--------+--------+--------+-----+--------+
         Total |  12216 |  11540 |    676 |    492 |   8168 |  15 |  814.4 |
       Dungeon |   9181 |   8524 |    657 |    164 |   6281 |  11 |  834.6 |
          Lair |   1301 |   1283 |     18 |    240 |    840 |   2 |  650.5 |
         Sewer |   1191 |   1191 |      0 |      0 |    879 |   1 | 1191.0 |
      Gauntlet |    542 |    542 |      0 |     87 |    167 |   1 |  542.0 |
               +--------+--------+--------+--------+--------+-----+--------+

Top non-repeatable levels by time:
   Sewer: 1191 daAuts
  Lair:1: 1128 daAuts
     D:8: 1105 daAuts
     D:1: 1103 daAuts
     D:9: 1029 daAuts
     D:2: 1028 daAuts
    D:10: 943 daAuts
     D:5: 893 daAuts
     D:6: 877 daAuts
     D:7: 783 daAuts
     D:3: 768 daAuts
     D:4: 639 daAuts
Gauntlet: 542 daAuts
  Lair:2: 173 daAuts
    D:11: 8 daAuts
